 Dungeon Sprint DCSS version 0.25.1-1-g288607f5aa (webtiles) character file.

Game seed: 9018473024545951368

0 MordorOrchid the Insei (level 1, -7/17 HPs)
             Began as a Gnoll Transmuter on July 23, 2020.
             Was an Initiate of Gozag.
             Mangled by a porcupine (11 damage)
             ... in the Dungeon (Sprint VI: "Thunderdome").
             The game lasted 00:00:26 (37 turns).

MordorOrchid the Insei (Gnoll Transmuter)             Turns: 37, Time: 00:00:27

Health: -7/17      AC:  2    Str: 12    XL:     1   Next: 20%
Magic:  5/6        EV: 14    Int: 15    God:    Gozag
Gold:   200        SH:  0    Dex: 15    Spells: 8/9 levels left

rFire    . . .     SeeInvis .     - Unarmed
rCold    . . .     Gourm    .   (no shield)
rNeg     . . .     Faith    .   b - +0 robe
rPois    .         Spirit   .   (no helmet)
rElec    .         Reflect  .   (no cloak)
rCorr    .         Harm     .   (no gloves)
MR       .....     NoTele   +   (no boots)
Stlth    ++........             (no amulet)
HPRegen  0.05/turn              (no ring)
MPRegen  0.10/turn              (no ring)

@: appendage, gold aura
A: distributed training, fangs 1, horns 2, strong nose
a: End Transformation, Potion Petition, Call Merchant, Bribe Branch, Renounce
Religion


You were in the Dungeon.
You worshipped Gozag.
Gozag was aware of your devotion.
You were not hungry.
You had grown temporary horns.
You visited 1 branch You collected 200 gold pieces.

Inventory:

Missiles
 a - 12 arrows
Armour
 b - a +0 robe (worn)
Wands
 k - a wand of acid (5)
 l - a wand of iceblast (5)
Scrolls
 j - 4 scrolls of blinking
 m - 3 scrolls of fog
Potions
 c - a potion of resistance
 e - a potion of curing
 f - 4 potions of heal wounds
 g - 4 potions of haste
 h - 2 potions of magic
 i - a potion of berserk rage
Comestibles
 d - a ration


   Skills:
 + Level 2.4 Fighting
 + Level 0.3 Short Blades
 + Level 0.3 Long Blades
 + Level 0.3 Axes
 + Level 0.3 Maces & Flails
 + Level 0.3 Polearms
 + Level 0.3 Staves
 + Level 0.3 Slings
 + Level 0.3 Bows
 + Level 0.3 Crossbows
 + Level 0.3 Throwing
 + Level 0.3 Armour
 + Level 4.4 Dodging
 + Level 0.3 Stealth
 + Level 0.3 Shields
 + Level 6.4 Unarmed Combat
 + Level 4.9 Spellcasting
 + Level 0.2 Conjurations
 + Level 0.2 Hexes
 + Level 0.2 Charms
 + Level 0.2 Summonings
 + Level 0.2 Necromancy
 + Level 0.2 Translocations
 + Level 3.7 Transmutations
 + Level 0.2 Fire Magic
 + Level 0.2 Ice Magic
 + Level 0.2 Air Magic
 + Level 0.2 Earth Magic
 + Level 0.2 Poison Magic
 + Level 0.4 Invocations
 + Level 0.3 Evocations


You had 8 spell levels left.
You knew the following spells:

 Your Spells              Type           Power        Failure   Level  Hunger
a - Beastly Appendage     Tmut           ##....       3%          1    None

Your spell library contained the following spells:

 Spells                   Type           Power        Failure   Level  Hunger
 Sticks to Snakes         Tmut           ##......     5%          2    ##.....
 Spider Form              Tmut/Pois      #.........   22%         3    ###....
 Ice Form                 Ice/Tmut       #.......     58%         4    ####...
 Blade Hands              Tmut           ##........   69%         5    ######.


Dungeon Overview and Level Annotations

Branches:
Dungeon (1/1)

Altars:
Cheibriados
Dithmenos
Fedhas
Gozag
Okawaru
Ru
Trog
Uskayaw
Xom
Yredelemnul
Zin
Beogh
Jiyva

Shops:
D *[%???:(!!!


Innate Abilities, Weirdness & Mutations

Your experience applies equally to all skills.
You have very sharp teeth.
Your uncanny sense of smell can sniff out nearby items.
You have a pair of horns on your head.


Message History

The quokka bites you.
You barely miss the quokka.
The quokka is heavily wounded.
The quokka misses you.
You hit the quokka but do no damage. You bite the quokka, but do no damage.
The quokka is heavily wounded.
The quokka bites you but does no damage.
You hit the quokka.
You kill the quokka!
A porcupine comes into view.
Found Dabeute's Jewellery and Juxaur's Advanced Armour.
You are struck by the porcupine's spines.
Ouch! That really hurt!
* * * LOW HITPOINT WARNING * * *
You hit the porcupine but do no damage. You headbutt the porcupine.
The porcupine is lightly wounded.
The porcupine bites you!
Ouch! That really hurt!
You die...
Your body crumbles into a pile of gold.

#∩.......∩# #........_#
#_......._# #_......._#
###.........###
#§...........⌠#
######.8.........8.####
##∩.__.r....###......___
#∩.....@..8.# #.8.......
........$...###.........
.........###...###......
.........# #.<.# #......
.........# #...# #......
............###.........
#∩........8. .8.......
##∩___...... .....
#.8... ..8.#


You could see a porcupine.

Vanquished Creatures
  A quokka (D)
1 creature vanquished.

Notes
Turn   | Place    | Note
-------+----------+-------------------------------------------
     0 | D        | MordorOrchid the Gnoll Transmuter began the quest for the
                  | Orb.
     0 | D        | Reached XP level 1. HP: 17/17 MP: 6/6
     1 | D        | Found a snail-covered altar of Cheibriados.
     1 | D        | Found a blossoming altar of Fedhas.
     2 | D        | Found a shimmering altar of Xom.
     2 | D        | Found a roughly hewn altar of Beogh.
     3 | D        | Found a basalt altar of Yredelemnul.
     4 | D        | Found a sacrificial altar of Ru.
     4 | D        | Found a hide-covered altar of Uskayaw.
     4 | D        | Found Atolunij's Magic Scroll Shop.
     4 | D        | Found Niohos's Staff Store.
     5 | D        | Found Deamp's Magic Scroll Shop.
     5 | D        | Found Kooxiff's Must-Have Magic.
     5 | D        | Round 1.
     7 | D        | Found a viscous altar of Jiyva.
     8 | D        | Found an opulent altar of Gozag.
     9 | D        | Found a glowing silver altar of Zin.
    10 | D        | Found Ygizes's Distillery.
    11 | D        | Found Suph's Distillery.
    11 | D        | Found Kusoihe's Bottled Wisdom.
    16 | D        | Became a worshipper of Gozag Ym Sagoz the Greedy
    30 | D        | Found Acoav's Delicious Food.
    30 | D        | Found a shadowy altar of Dithmenos.
    30 | D        | Found an iron altar of Okawaru.
    30 | D        | Found a bloodstained altar of Trog.
    30 | D        | Found Koyrr's Identification Station.
    35 | D        | Noticed a porcupine
    35 | D        | Found Dabeute's Jewellery.
    35 | D        | Found Juxaur's Advanced Armour.
    37 | D        | Mangled by a porcupine

Illustrated notes

Levels and vault maps discovered:
D:        arena_sprint

Action                   || total
-------------------------++-------
Melee: Unarmed           ||     5
       Headbutt          ||     1
       Bite              ||     1
 Cast: Beastly Appendage ||     1
Armor: Robe              ||     1
Dodge: Dodged            ||     1
